 Dungeon Crawl Stone Soup version 0.28-a0-938-gbc3f381ebc (webtiles) character file.

Game seed: 5231349289175918117

11588 greenreed the Thaumaturge (level 12, -18/83 HPs)
             Began as a Djinni Ice Elementalist on Nov 28, 2021.
             Was a Priest of Makhleb.
             Demolished by Urug (27 damage)
             ... on level 11 of the Dungeon.
             The game lasted 01:36:12 (12822 turns).

greenreed the Thaumaturge (DjIE)                   Turns: 12822, Time: 01:36:13

Health: -18/83     AC: 16    Str: 11    XL:     12   Next: 9%
Gold:   519        EV: 13    Int: 28    God:    Makhleb [***...] SH:  0 Dex: 15

rFire   + + +      SeeInvis .   J - +5 scythe of the Dark Horse {vamp, rElec Str+4 Int+2 Dex+2}
rCold   x . .      Faith    .   (shield currently unavailable)
rNeg    + . .      Spirit   .   L - +3 troll leather armour of Negligence {rF+ Regen+}
rPois   ∞          Reflect  .   h - +2 helmet {Int+3}
rElec   +          Harm     .   E - +1 cloak
rCorr   .          Rampage  .   (no gloves)
Will    +....                   (boots unavailable)
Stlth   ++........              (no amulet)
HPRegen 1.03/turn               l - +4 ring of protection
MPRegen 0.00/turn               x - ring of positive energy

@: flying, hasted, very quick
A: sickness immunity, fire resistance 2, cold vulnerability 1, float, innate
caster, hp casting, extra vitality 1
a: Renounce Religion, Minor Destruction, Lesser Servant of Makhleb


You were on level 11 of the Dungeon.
You worshipped Makhleb.
Makhleb was most pleased with you.
You visited 2 branches of the dungeon, and saw 13 of its levels.

You collected 519 gold pieces.

Inventory:

Hand Weapons
 G - a +3 quarterstaff of chaos
 J - the +5 scythe of the Dark Horse (weapon) {vamp, rElec Str+4 Int+2 Dex+2}
   (You found it on level 9 of the Dungeon)

   It occasionally heals its wielder for a portion of the damage dealt when it
   wounds a living foe.
   Str:       It affects your strength (+4).
   Int:       It affects your intelligence (+2).
   Dex:       It affects your dexterity (+2).
   rElec:     It insulates you from electricity.
Missiles
 b - a curare-tipped dart
 g - 91 stones
 q - 64 poisoned darts
Armour
 a - the +3 scale mail of Sophism {rC+ Int+6}
   (You found it on level 10 of the Dungeon)

   Int:       It affects your intelligence (+6).
   rC:        It protects you from cold.
 h - a +2 helmet of intelligence (worn)
 E - a +1 cloak (worn)
 L - the +3 troll leather armour of Negligence (worn) {rF+ Regen+}
   (You found it on level 9 of the Dungeon)

   rF:        It protects you from fire.
   Regen:     It increases your rate of health regeneration.
Magical Staves
 I - a staff of air
Jewellery
 c - a ring of wizardry
 l - a +4 ring of protection (left hand)
 x - a ring of positive energy (right hand)
Wands
 i - a wand of acid (14)
 m - a wand of flame (56)
 n - a wand of mindburst (7)
Scrolls
 j - a scroll of summoning {unknown}
 t - a scroll of enchant weapon {unknown}
 w - a scroll of vulnerability {unknown}
 y - a scroll of enchant armour {unknown}
 z - 2 scrolls of amnesia
 B - a scroll of magic mapping {unknown}
 C - 2 scrolls of noise
 D - 3 scrolls of teleportation
Potions
 d - 3 potions of flight
 e - 2 potions of ambrosia
 f - 2 potions of berserk rage
 k - 2 potions of attraction {unknown}
 p - a potion of curing {unknown}
 r - 3 potions of brilliance
 s - 2 potions of might {unknown}
 u - a potion of haste
 A - 3 potions of mutation
 F - 3 potions of heal wounds
 K - a potion of invisibility


   Skills:
 * Level 6.1 Fighting
 + Level 3.3(4.1) Polearms
 + Level 3.9(4.6) Staves
 + Level 3.4 Armour
 + Level 4.8 Dodging
 + Level 2.7 Stealth
 * Level 12.1 Spellcasting


You had 11 spell levels left.
You knew the following spells:

 Your Spells              Type           Power      Damage    Failure   Level
a - Freeze                Ice            100%       1d11      1%          1
b - Frozen Ramparts       Ice            100%       1d12      1%          3
c - Ozocubu's Armour      Ice            71%        N/A       1%          3
d - Hailstorm             Conj/Ice       71%        3d15      1%          4
e - Sandblast             Erth           100%       2d20      1%          1
f - Ensorcelled Hibernat  Hex/Ice        100%       N/A       1%          2
g - Scorch                Fire           100%       2d10      1%          2
h - Animate Armour        Summ/Erth      100%       N/A       1%          4
i - Flame Wave            Conj/Fire      71%        2d11      1%          4
Your spell library was empty.

Dungeon Overview and Level Annotations

Branches:
Dungeon (12/15)            Temple (1/1) D:5            Lair (0/6) D:8
    Orc (0/2) D:9

Altars:
Ashenzari
Cheibriados
Dithmenos
Elyvilon
Fedhas
Gozag
Hepliaklqana
Kikubaaqudgha
Makhleb
Nemelex Xobeh
Okawaru
Qazlal
Ru
Sif Muna
Trog
Uskayaw
Vehumet
Wu Jian
Xom
Yredelemnul
Zin
The Shining One

Shops:
D:1 (   D:7 [   D:11 (

Annotations:
D:7 Joseph
D:11 Urug


Innate Abilities, Weirdness & Mutations

You are immune to sickness and miasma.
You are immune to poison.
Your flesh is very heat resistant. (rF++)
You are vulnerable to cold. (rC-)
You float through the air rather than walking.
You learn spells naturally, not from books.
Your magical power is your life essence.
You have superior vitality. (+4 HP)


Message History

HP restored.
c - a ring of wizardry Urug the Orcish Ballista comes into view.
She is wielding a +6 great sword.
Press: ? - help, v - describe, . - travel
Here: Urug, wielding a +6 great sword, wearing a +0 scale mail and quivering javelins (asleep)
The floor.
Found an arbalest.
Urug shouts!
Urug throws a javelin.
The javelin pierces through you!! Urug hits you with a +6 great sword!
Casting: Freeze (safe; 1% risk of failure)
Confirm with . or Enter, or press ? or * to list all spells.
Casting: Frozen Ramparts (safe; 1% risk of failure)
Press: ? - help, Dir - look around, f - activate The walls around you are covered in ice.
The wall freezes Urug!
Urug hits you with a +6 great sword!!
* * * LOW HITPOINT WARNING * * *
Casting: Frozen Ramparts (safe; 1% risk of failure)
Confirm with . or Enter, or press ? or * to list all spells.
A film of ice covers your body!
* * * LOW HITPOINT WARNING * * *
The wall freezes Urug!
Urug hits you with a +6 great sword!!
* * * LOW HITPOINT WARNING * * *
Unknown command.
You feel much better.
The wall freezes Urug.
Urug closely misses you.
You feel yourself speed up.
The wall freezes Urug.
Urug hits you with a +6 great sword!!
* * * LOW HITPOINT WARNING * * *
Your icy armour and frozen ramparts will break if you move.
Continue?
Your icy armour cracks and falls away as you move.
The frozen ramparts melt away as you move.
Casting: Ozocubu's Armour (safe; 1% risk of failure)
Confirm with . or Enter, or press ? or * to list all spells.
Aiming: Ensorcelled Hibernation (safe; 1% risk of failure)
Press: ? - help, Shift-Dir - straight line, f - Urug
Aim: Urug, wielding a +6 great sword, wearing a +0 scale mail and quivering javelins (moderately wounded, chance to affect: 55%) Urug resists with some effort.
* * * LOW HITPOINT WARNING * * *
Urug hits you with a +6 great sword!!
You die...

#.# #.# #.#
.. #.# #.#
#.# #.# #.#
#.# #@# #o#
#.# ####.###
#......#
#........#
#..........#
#..........#
#..........#


You could see Urug.

Vanquished Creatures
  A centaur warrior (D:9)
  A boulder beetle (D:9)
  2 two-headed ogres
  A deep elf archer (D:9)
  2 ugly things
  A deep elf pyromancer (D:9)
  A queen bee (shapeshifter) (D:9)
  A hornet (D:8)
  A slime creature (D:9)
  2 shadows
  A vampire (D:6)
  6 yaks (D:9)
  Sigmund (D:2)
  A wyvern (D:9)
  5 steam dragons
  A hornet zombie (D:8)
  An ice beast (D:8)
  3 orc warriors
  A black bear (D:5)
  3 necrophages
  A sky beast (D:6)
  An ogre (D:5)
  5 centaurs
  A phantom (D:7)
  3 kobold brigands
  5 bullfrogs
  2 wyvern zombies (D:8)
  A gnoll sergeant (D:9)
  3 scorpions
  A wyvern skeleton (D:6)
  16 killer bees
  9 wights
  A howler monkey (D:4)
  2 centaur zombies
  A human zombie (D:8)
  A jelly (D:6)
  4 orc priests
  Crazy Yiuf (D:7)
  A centaur skeleton (D:4)
  Ijyb (D:3)
  7 iguanas
  Natasha (thrice) (D:3)
  6 orc wizards
  2 killer bee zombies
  A centaur simulacrum (D:9)
  A hound zombie (D:5)
  Robin (D:4)
  3 howler monkey zombies
  8 adders
  A howler monkey skeleton (D:6)
  A white imp (D:5)
  An ufetubus (D:6)
  A worm (D:4)
  2 dart slugs (D:1)
  26 orcs
  5 endoplasms
  3 giant cockroaches
  10 hobgoblins
  2 jackals (D:3)
  20 kobolds
  5 quokkas
  2 ball pythons
  7 bats
  2 frilled lizards (D:1)
  8 goblins
  6 rats
230 creatures vanquished.

Vanquished Creatures (others)
  5 fungi (D:8)
  4 plants (D:8)
9 creatures vanquished.

Grand Total: 239 creatures vanquished

Notes
Turn   | Place    | Note
-------+----------+-------------------------------------------
     0 | D:1      | greenreed the Djinni Ice Elementalist began the quest for
                  | the Orb.
     0 | D:1      | Reached XP level 1. HP: 15/15 MP: 0/0
   188 | D:1      | Reached XP level 2. HP: 20/21 MP: 0/0
   581 | D:1      | Found Ennap's Weapon Shop.
   853 | D:1      | Reached XP level 3. HP: 25/25 MP: 0/0
   853 | D:1      | Learned a level 1 spell: Sandblast
  1370 | D:2      | Reached skill level 4 in Spellcasting
  1461 | D:2      | Found a glowing golden altar of the Shining One.
  1722 | D:2      | Reached XP level 4. HP: 28/31 MP: 0/0
  1747 | D:2      | Noticed Sigmund
  2162 | D:2      | Killed Sigmund
  2163 | D:2      | Reached skill level 5 in Spellcasting
  2163 | D:2      | Reached XP level 5. HP: 33/35 MP: 0/0
  2163 | D:2      | Learned a level 2 spell: Ensorcelled Hibernation
  2163 | D:2      | Reached XP level 6. HP: 37/40 MP: 0/0
  2427 | D:3      | Found a bloodstained altar of Trog.
  2439 | D:3      | Noticed Ijyb
  2456 | D:3      | Killed Ijyb
  2904 | D:3      | Noticed Natasha
  2910 | D:3      | Killed Natasha
  2911 | D:3      | Reached skill level 1 in Staves
  2913 | D:3      | Noticed Natasha
  2917 | D:3      | Killed Natasha
  2994 | D:3      | Noticed Natasha
  3000 | D:3      | Killed Natasha
  3048 | D:3      | Found a faded altar of an unknown god.
  3277 | D:3      | Found a hide-covered altar of Uskayaw.
  3390 | D:4      | Reached skill level 1 in Fighting
  3390 | D:4      | Reached XP level 7. HP: 33/47 MP: 0/0
  3390 | D:4      | Learned a level 2 spell: Scorch
  3587 | D:4      | Found a hazy altar of Hepliaklqana.
  3587 | D:4      | Found a snail-covered altar of Cheibriados.
  3657 | D:4      | Found a glowing silver altar of Zin.
  3660 | D:4      | Found a stormy altar of Qazlal.
  3740 | D:4      | Noticed Robin
  3751 | D:4      | Killed Robin
  3935 | D:4      | Reached skill level 1 in Armour
  3935 | D:4      | Reached skill level 6 in Spellcasting
  4179 | D:5      | Entered Level 5 of the Dungeon
  4375 | D:5      | Found a burning altar of Makhleb.
  4384 | D:5      | Became a worshipper of Makhleb the Destroyer
  4478 | D:5      | Found a staircase to the Ecumenical Temple.
  4499 | D:5      | Reached XP level 8. HP: 24/54 MP: 0/0
  4577 | Temple   | Entered the Ecumenical Temple
  5247 | D:5      | Reached skill level 7 in Spellcasting
  5344 | D:5      | Found a glowing golden altar of the Shining One.
  5368 | D:5      | Found a white marble altar of Elyvilon.
  5862 | D:6      | Reached XP level 9. HP: 43/59 MP: 0/0
  5862 | D:6      | Learned a level 4 spell: Animate Armour
  6250 | D:6      | Reached skill level 8 in Spellcasting
  6355 | D:6      | Reached * piety under Makhleb
  7301 | D:7      | Noticed Joseph
  7363 | D:7      | Found a runed translucent door.
  7364 | D:7      | Noticed Crazy Yiuf
  7373 | D:7      | Killed Crazy Yiuf
  7380 | D:7      | Identified the +3 mace of Conflict {vorpal, Stlth+}
  7480 | D:7      | Found Soothrav's Armour Shoppe.
  8630 | D:8      | Reached skill level 9 in Spellcasting
  8879 | D:8      | Reached XP level 10. HP: 66/67 MP: 0/0
  8879 | D:8      | Found a staircase to the Lair.
  9280 | D:8      | Found a basalt altar of Yredelemnul.
 10049 | D:9      | Noticed a two-headed ogre
 10128 | D:9      | Reached skill level 10 in Spellcasting
 10385 | D:9      | Killed a two-headed ogre
 10468 | D:9      | Identified the +5 scythe of the Dark Horse {vamp, rElec
                  | Str+4 Int+2 Dex+2}
 10507 | D:9      | Reached ** piety under Makhleb
 10712 | D:9      | Reached XP level 11. HP: 58/74 MP: 0/0
 10712 | D:9      | Learned a level 4 spell: Flame Wave
 10917 | D:9      | Reached skill level 5 in Fighting
 10920 | D:9      | Reached skill level 11 in Spellcasting
 10958 | D:9      | Found a staircase to the Orcish Mines.
 11064 | D:9      | Found an opulent altar of Gozag.
 11126 | D:9      | Noticed a centaur warrior
 11132 | D:9      | Killed a centaur warrior
 11133 | D:9      | Reached skill level 1 in Polearms
 11305 | D:9      | Identified the +3 troll leather armour of Negligence {rF+
                  | Regen+}
 11388 | D:9      | Noticed a deep elf pyromancer
 11392 | D:9      | Noticed a deep elf archer
 11396 | D:9      | Killed a deep elf archer
 11411 | D:9      | Killed a deep elf pyromancer
 11457 | D:9      | Noticed a brown ugly thing
 11466 | D:9      | Killed a brown ugly thing
 11474 | D:9      | Noticed a boulder beetle
 11527 | D:9      | Killed a boulder beetle
 11619 | D:10     | Entered Level 10 of the Dungeon
 11803 | D:10     | Identified the +3 scale mail of Sophism {rC+ Int+6}
 12036 | D:10     | Identified the +4 plate armour of Pidaluizei {Str+4 Dex-4}
 12283 | D:11     | Noticed a purple ugly thing
 12283 | D:11     | Found Wutu's Weapon Boutique.
 12300 | D:10     | Killed a purple ugly thing
 12354 | D:11     | Reached *** piety under Makhleb
 12356 | D:11     | Reached XP level 12. HP: 81/83 MP: 0/0
 12357 | D:11     | Reached skill level 12 in Spellcasting
 12377 | D:11     | Noticed a boulder beetle
 12427 | D:12     | Noticed an eight-headed hydra
 12749 | D:11     | Noticed a two-headed ogre
 12759 | D:11     | Killed a two-headed ogre
 12809 | D:11     | Noticed Urug
 12818 | D:11     | HP: 1/83 [Urug (21)]
 12822 | D:11     | Demolished by Urug

Illustrated notes

Levels and vault maps discovered:
D:1:      tarquinn_simple_flora_water_f, layout_loops_ring, serial_shops,
          nicolae_diamond_shop, minmay_misc_feat_pillars
D:2:      layout_rooms, basic_altar, uniq_sigmund
D:3:      layout_basic, marbit_many_paths, nicolae_overflow_crystal_walls,
          ebering_ecumenical_altar_rust, kennysheep_generic_room_15,
          uniq_natasha, uniq_ijyb
D:4:      layout_basic, grunt_temple_overflow_cloverleaf, uniq_robin
D:5:      layout_cave_pools, nicolae_overflow_quartered_altars,
          minmay_temple_entry_glassed_door
D:6:      nicolae_cairo_tiling, layout_loops_ring
D:7:      layout_basic, serial_shops, shop, minmay_misc_feat_hallway,
          uniq_crazy_yiuf_cottage, uniq_joseph
D:8:      layout_basic, mainiacjoe_overflow_small_starburst,
          lemuel_mausoleum_altar_kikubaaqudgha, dpeg_oklobed_lair
D:9:      minmay_chopped_fan, layout_basic, mainiacjoe_overflow_cross_hatched,
          david_orc_3
D:10:     layout_roguey
D:11:     lemuel_ogre_cave, layout_rooms, serial_shops, shop, uniq_urug
D:12:     layout_irregular_city, minivault_1
Temple:   compressed_dpeg_triangle_lava_temple

Skill      XL: |  1  2  3  4  5  6  7  8  9 10 11 12 |
---------------+-------------------------------------+-----
Spellcasting   | 4 5 6 7 9 10 11 12 | 12.1
Staves         | 1 2 3 |  3.9
Fighting       | 1 2 4 6 |  6.1
Armour         | 1 2 3 |  3.4
Dodging        | 3 4 |  4.8
Stealth        | 2 |  2.7
Polearms       | 3 |  3.3

Action                   |  1- 3 |  4- 6 |  7- 9 | 10-12 || total
-------------------------+-------+-------+-------+-------++-------
Melee: Unarmed           |     5 |       |       |       ||     5
       Short sword       |     6 |       |       |       ||     6
       Quarterstaff      |       |    50 |    72 |    33 ||   155
       Scythe            |       |       |       |    90 ||    90
 Cast: Freeze            |    42 |    20 |    41 |    27 ||   130
       Sandblast         |     4 |    13 |    75 |    72 ||   164
       Frozen Ramparts   |       |     1 |    14 |    24 ||    39
       Ensorcelled Hiber |       |     1 |       |     6 ||     7
       Ozocubu's Armour  |       |       |     2 |     9 ||    11
       Hailstorm         |       |       |     2 |     4 ||     6
       Scorch            |       |       |     4 |     4 ||     8
       Flame Wave        |       |       |       |     6 ||     6
Evoke: Wand              |       |       |       |     1 ||     1
  Use: Scroll            |       |       |     3 |     9 ||    12
       Potion            |       |       |       |     4 ||     4
 Stab: Sleeping          |       |     1 |       |     1 ||     2
Armor: Robe              |     5 |     9 |       |       ||    14
       Leather armour    |       |    16 |    77 |    56 ||   149
       Troll leather arm |       |       |       |    77 ||    77
Dodge: Dodged            |    22 |    39 |    97 |   182 ||   340

Table legend: (Time is in decaauts)
 A = Elapsed time spent in this place.
 B = Non-inter-level travel time spent in this place.
 C = Inter-level travel time spent in this place.
 D = Time resting spent in this place.
 E = Time spent auto-exploring this place.
 F = Levels seen in this place.
 G = Mean time per level.
                   A        B        C        D        E       F      G
               +--------+--------+--------+--------+--------+-----+--------+
         Total |  12954 |  12564 |    390 |   3233 |   6855 |  13 |  996.5 |
       Dungeon |  12621 |  12231 |    390 |   3147 |   6628 |  12 | 1051.8 |
        Temple |    333 |    333 |      0 |     86 |    227 |   1 |  333.0 |
               +--------+--------+--------+--------+--------+-----+--------+

Top non-repeatable levels by time:
     D:7: 2026 daAuts
     D:9: 1581 daAuts
     D:1: 1517 daAuts
     D:8: 1288 daAuts
     D:6: 1222 daAuts
     D:5: 1060 daAuts
     D:3: 1049 daAuts
    D:10: 939 daAuts
     D:4: 862 daAuts
     D:2: 775 daAuts
  Temple: 333 daAuts
    D:11: 294 daAuts
    D:12: 3 daAuts
